 Dungeon Crawl Stone Soup version 0.24.0-13-gcf9b3192b9 (webtiles) character file.

Game seed: 18165406813990523032, levelgen mode: deterministic

42296 Aviak the Champion of Chaos (level 13, -1/124 HPs)
             Began as a Deep Dwarf Fighter on Nov 9, 2019.
             Was the Champion of Makhleb.
             Slain by an orc warrior
             ... wielding a +0 glaive
              (30 damage)
             ... on level 2 of the Orcish Mines.
             The game lasted 00:25:45 (13934 turns).

Aviak the Champion of Chaos (Deep Dwarf Fighter)   Turns: 13934, Time: 00:25:46

Health: -1/124     AC: 23    Str: 25    XL:     13   Next: 84%
Magic:  13/13      EV: 11    Int:  9    God:    Makhleb [******]
Gold:   1390       SH: 19    Dex: 16    Spells: 12/12 levels left

rFire    + . .     SeeInvis .   b - +1 broad axe
rCold    + . .     Gourm    .   s - +0 shield
rNeg     . . .     Faith    .   d - +3 chain mail {rF+}
rPois    .         Spirit   .   k - +2 helmet
rElec    .         Reflect  +   (no cloak)
rCorr    .         Harm     .   p - +2 pair of gloves
MR       +....                  U - +0 pair of boots
Stlth    ..........             O - +6 amulet of reflection
HPRegen  0.00/turn              L - +4 ring of dexterity
MPRegen  0.13/turn              C - ring of protection from cold

@: non-regenerating
A: damage resistance, heal wounds, sense surroundings 2, no regeneration
a: Heal Wounds, Minor Destruction, Lesser Servant of Makhleb, Major Destruction,
Greater Servant of Makhleb, Renounce Religion


You were on level 2 of the Orcish Mines.
You worshipped Makhleb.
Makhleb was exalted by your worship.
You were hungry.

You visited 4 branches of the dungeon, and saw 20 of its levels.
You also visited: Bailey and Volcano.

You collected 1390 gold pieces.

Inventory:

Hand Weapons
 a - a +0 war axe
 b - a +1 broad axe (weapon)
Armour
 d - a +3 chain mail of fire resistance (worn)
 k - a +2 helmet (worn)
 p - a +2 pair of gloves (worn)
 s - a +0 shield (worn)
 J - a +0 plate armour
 U - a +0 pair of boots (worn)
Jewellery
 g - an uncursed amulet of the acrobat
 u - a +4 ring of dexterity
 C - a ring of protection from cold (right hand)
 L - a +4 ring of dexterity (left hand)
 O - a +6 amulet of reflection (around neck)
 P - an uncursed ring of positive energy
 Q - an uncursed ring of resist corrosion
Wands
 i - a wand of iceblast (7)
 w - a wand of enslavement (13)
 K - a wand of flame (91)
 M - a wand of disintegration (34)
 T - a wand of paralysis (8)
 V - a wand of random effects (14)
Scrolls
 e - 3 scrolls of fear
 j - a scroll of silence {unknown}
 r - 4 scrolls of remove curse
 t - 10 scrolls of teleportation
 x - a scroll of blinking
 y - a scroll of vulnerability {unknown}
 B - 2 scrolls of enchant armour
 D - 2 scrolls of amnesia
 E - 2 scrolls of immolation
 H - a scroll of acquirement
 I - 3 scrolls of fog {unknown}
Potions
 c - 4 potions of curing
 f - a potion of haste
 l - a potion of cancellation
 m - 6 potions of brilliance
 n - a potion of ambrosia {unknown}
 o - 2 potions of flight {unknown}
 q - 3 potions of lignification {unknown}
 v - a potion of agility {unknown}
 z - 4 potions of heal wounds {unknown}
 A - 6 potions of degeneration {unknown}
 F - 2 potions of berserk rage {unknown}
 G - 4 potions of mutation {unknown}
 N - a potion of invisibility {unknown}
 R - a potion of magic {unknown}
 S - a potion of resistance {unknown}
Comestibles
 h - 37 rations


   Skills:
 + Level 10.7 Fighting
 + Level 12.2 Axes
 - Level 11.6 Armour
 + Level 4.7 Dodging
 + Level 12.4 Shields
 + Level 12.7 Invocations


You had 12 spell levels left.
You didn't know any spells.
Your spell library contained the following spells:

 Spells                   Type           Power        Failure   Level  Hunger
 Flame Tongue             Conj/Fire      #....        95%         1    ##.....
 Throw Flame              Conj/Fire      #.....       99%         2    ###....
 Conjure Flame            Conj/Fire      #.......     100%        3    ####...
 Inner Flame              Hex/Fire       #.......     100%        3    ####...
 Recall                   Summ/Tloc      N/A          100%        3    ####...
 Leda's Liquefaction      Hex/Erth       #.........   100%        4    #####..
 Sticky Flame             Conj/Fire      #.......     100%        4    #####..
 Aura of Abjuration       Summ           #.........   100%        5    ######.
 Bolt of Magma            Conj/Fire/Erth #.........   100%        5    ######.
 Fireball                 Conj/Fire      #.........   100%        5    ######.
 Summon Demon             Summ           #.........   100%        5    ######.
 Summon Forest            Summ/Tloc      #.........   100%        5    ######.
 Summon Mana Viper        Hex/Summ       #.......     100%        5    ######.
 Iron Shot                Conj/Erth      #.........   100%        6    #######
 Shadow Creatures         Summ           N/A          100%        6    #######
 Statue Form              Tmut/Erth      #........    100%        6    #######
 Shatter                  Erth           #.........   100%        9    #######


Dungeon Overview and Level Annotations

Branches:
Dungeon (11/15)            Temple (1/1) D:4            Lair (6/6) D:9
 Shoals (0/4) Lair:4       Spider (0/4) Lair:4          Orc (2/2) D:11
 Bailey (visited)         Volcano (visited)
  Slime: Lair:5-6       Elf: Orc:2

Altars:
Ashenzari
Cheibriados
Dithmenos
Elyvilon
Fedhas
Gozag
Hepliaklqana
Kikubaaqudgha
Makhleb
Nemelex Xobeh
Okawaru
Qazlal
Ru
Sif Muna
Trog
Uskayaw
Vehumet
Wu Jian
Xom
Yredelemnul
Zin
The Shining One
Beogh

Shops:
D:7 [

Annotations:
D:2 2 transporters
D:7 3 runed translucent doors, Akransas's ghost, novice HOMo
Lair:4 exclusion: 2 oklob plants
Lair:5 3 runed translucent doors, Zevvob's ghost, journeyman OpFi


Innate Abilities, Weirdness & Mutations

You are resistant to damage.
You can heal yourself by infusing magical energy.
You passively map the area around you.
You do not regenerate.


Message History

A bolt appears from out of your range of vision.
The bolt hits your cacodemon.
An orc comes into view. It is wielding a +3 trident.
Your cacodemon hits the orc warrior!! Your cacodemon hits the orc warrior!
The orc warrior dies!
Makhleb accepts your kill. You block the orc warrior's attack.
The orc warrior hits you with a +0 short sword!
* * * LOW HITPOINT WARNING * * *
An orc warrior comes into view. It is wielding a +0 trident.
You hit the orc warrior but do no damage.
The orc warrior is lightly wounded.
You block the orc warrior's attack.
The orc warrior hits your cacodemon with a +0 short sword!
You slice the orc warrior!!
The orc warrior is almost dead.
The orc warrior hits you from afar with a cursed +0 glaive!
* * * LOW HITPOINT WARNING * * *
The orc warrior hits you from afar with a +0 glaive!!
You die... o , , .o.......... ) ∩, ooooo......

≈# * ##≈≈≈≈.....#,.
≈≈### ∩*###≈≈≈≈.ooo..#..
≈≈≈≈##*##≈≈≈≈.o.oo.....
).≈≈≈# #≈≈≈.c(..oo...#
..(≈≈# #≈≈......oooo#
##.(.###...##..##o.##...
...(...())(....)@2.....#
........(......)2)(...##
######())##############
* ##.## #...# ##.##
##.## ### #.(.#
#.#####)###


You could see 6 orc warriors, a centaur, 2 orcs and 2 friendly cacodemons.

Vanquished Creatures
  2 stone giants
  Josephine (Lair:5)
  A hydra (Lair:5)
  2 two-headed ogres
  A death yak (Lair:3)
  A two-headed ogre (shapeshifter) (D:8)
  2 orc high priests
  Pikel (D:4)
  An orc knight (Bailey)
  An orb spider (Lair:4)
  An orc sorcerer (Bailey)
  2 black mambas
  3 elephants (Lair:2)
  4 spiny frogs
  3 gargoyles
  2 rime drakes
  An efreet (Volcano)
  4 komodo dragons
  3 trolls
  A polar bear (Lair:4)
  2 meliai (Lair:4)
  A hornet (D:9)
  7 dream sheep (Lair:4)
  5 hippogriffs
  15 blink frogs
  A snapping turtle (Lair:4)
  Sigmund (D:4)
  5 wraiths (Lair:5)
  A basilisk (Lair:3)
  A fire elemental (Volcano)
  2 wyverns
  17 yaks
  4 hogs (D:9)
  A hungry ghost (D:10)
  6 fire bats (Volcano)
  A human (D:9)
  2 steam dragons
  3 porcupines
  14 water moccasins
  21 orc warriors
  An ice beast (D:6)
  4 sky beasts
  2 black bears
  A phantom (D:5)
  10 ogres
  6 centaurs
  6 wolves
  11 crocodiles
  A big kobold (D:8)
  Blork the orc (D:5)
  14 bullfrogs
  A gnoll sergeant (D:6)
  2 earth elementals (Volcano)
  A wyvern skeleton (D:6)
  2 scorpions
  6 wights
  24 killer bees
  6 electric eels
  A howler monkey (D:4)
  2 centaur zombies
  6 crimson imps
  2 bullfrog zombies
  6 lava snakes (Volcano)
  A quasit (D:11)
  12 orc priests
  8 hounds
  2 bullfrog skeletons
  2 jellies
  17 orc wizards
  3 iguanas
  Jessica (D:2)
  A centaur skeleton (D:7)
  9 worker ants
  A killer bee zombie (D:9)
  Robin (D:4)
  9 gnolls
  A howler monkey skeleton (D:2)
  12 adders
  6 shadow imps
  An ooze (D:4)
  2 adder zombies
  An adder skeleton (D:5)
  5 worms
  4 dart slugs
  12 leopard geckos
  62 orcs
  7 bats
  2 giant cockroaches
  27 goblins
  14 hobgoblins
  11 jackals
  6 quokkas
  4 ball pythons
  A frilled lizard (D:3)
  12 kobolds
  A leopard gecko skeleton (D:4)
  2 quokka zombies
  9 rats
  2 fungi
  3 plants
537 creatures vanquished.

Vanquished Creatures (collateral kills)
  Gastronok (D:9)
  2 hydras
  A two-headed ogre (D:8)
  An orc knight (Orc:2)
  A komodo dragon (Lair:3)
  2 orc warriors (Orc:2)
  A bullfrog (Lair:1)
  5 killer bees (D:8)
  An orc priest (D:9)
  An adder zombie (D:9)
  5 orcs
21 creatures vanquished.

Vanquished Creatures (others)
  A basilisk (Lair:4)
  An orc warrior (Orc:2)
  4 centaurs (Orc:2)
  2 killer bees (Lair:4)
  3 orcs (Orc:2)
  3 fungi (Lair:6)
  13 plants
27 creatures vanquished.

Grand Total: 585 creatures vanquished

Notes
Turn   | Place    | Note
-------+----------+-------------------------------------------
     0 | D:1      | Aviak the Deep Dwarf Fighter began the quest for the Orb.
     0 | D:1      | Reached XP level 1. HP: 20/20 MP: 1/1
     6 | D:1      | Found a sparkling altar of Nemelex Xobeh.
   157 | D:1      | Reached XP level 2. HP: 27/27 MP: 2/2
   805 | D:2      | Noticed Jessica
   827 | D:2      | Killed Jessica
   827 | D:2      | Reached XP level 3. HP: 26/34 MP: 3/3
   889 | D:2      | Found a transporter.
   891 | D:2      | Found a transporter.
   900 | D:2      | Found a shadowy altar of Dithmenos.
   921 | D:2      | Reached XP level 4. HP: 39/42 MP: 4/4
   994 | D:2      | Found a shimmering blue altar of Sif Muna.
  1079 | D:2      | Reached XP level 5. HP: 45/49 MP: 5/5
  2007 | D:4      | Found a staircase to the Ecumenical Temple.
  2018 | Temple   | Entered the Ecumenical Temple
  2162 | D:4      | Reached XP level 6. HP: 42/57 MP: 6/6
  2168 | D:4      | Found a stormy altar of Qazlal.
  2176 | D:4      | Noticed Sigmund
  2203 | D:4      | Killed Sigmund
  2203 | D:4      | Reached skill level 5 in Armour
  2203 | D:4      | Reached skill level 5 in Shields
  2228 | D:4      | Reached XP level 7. HP: 27/64 MP: 7/7
  2315 | D:4      | Found a burning altar of Makhleb.
  2326 | D:4      | Became a worshipper of Makhleb the Destroyer
  2406 | D:4      | Noticed Pikel
  2417 | D:4      | Killed Pikel
  2417 | D:4      | Reached skill level 5 in Fighting
  2417 | D:4      | Reached skill level 5 in Axes
  2417 | D:4      | Reached XP level 8. HP: 52/74 MP: 8/8
  2442 | D:4      | Noticed Robin
  2461 | D:4      | Killed Robin
  2631 | D:4      | Reached skill level 1 in Invocations
  2786 | D:5      | Entered Level 5 of the Dungeon
  2786 | D:5      | Noticed Blork the orc
  2806 | D:5      | Killed Blork the orc
  3031 | D:5      | Reached * piety under Makhleb
  3047 | D:5      | Found a bloodstained altar of Trog.
  3165 | D:5      | Found a sacrificial altar of Ru.
  3682 | D:6      | Reached ** piety under Makhleb
  3684 | D:6      | Gained mutation: You passively map the area around you.
                  | [Deep Dwarf growth]
  3684 | D:6      | Reached XP level 9. HP: 45/82 MP: 11/11
  3844 | D:6      | Found a sparkling altar of Nemelex Xobeh.
  4157 | D:7      | Found Sigill's Armour Boutique.
  4183 | D:7      | Found a basalt altar of Yredelemnul.
  4185 | D:7      | Found a glowing golden altar of the Shining One.
  4339 | D:7      | Found a runed translucent gate.
  4348 | D:7      | Found a runed translucent gate.
  4348 | D:7      | Found a runed translucent gate.
  4348 | D:7      | Noticed Akransas's ghost (novice HOMo)
  4379 | D:7      | Found a snail-covered altar of Cheibriados.
  4392 | D:7      | Reached skill level 5 in Invocations
  4466 | D:7      | Found an ornate altar of the Wu Jian Council.
  4505 | D:7      | Found a sacrificial altar of Ru.
  4675 | D:7      | Found a shimmering altar of Xom.
  4677 | D:7      | Found a hide-covered altar of Uskayaw.
  4809 | D:8      | Noticed a two-headed ogre
  5064 | D:9      | Reached *** piety under Makhleb
  5107 | D:9      | Noticed Gastronok
  5120 | D:9      | Killed Gastronok
  5120 | D:9      | Reached XP level 10. HP: 45/94 MP: 11/11
  5390 | D:9      | Noticed a two-headed ogre
  5406 | D:9      | Killed a two-headed ogre
  5417 | D:9      | Found an opulent altar of Gozag.
  5552 | D:9      | Found a staircase to the Lair.
  6026 | D:8      | Killed a two-headed ogre
  6217 | D:8      | Reached XP level 11. HP: 37/103 MP: 13/13
  6274 | D:8      | Reached **** piety under Makhleb
  6406 | Lair:1   | Entered Level 1 of the Lair of Beasts
  6539 | Lair:1   | Noticed a four-headed hydra
  6553 | Lair:1   | Killed a four-headed hydra
  6718 | Lair:1   | HP: 4/103 [blink frog (9)]
  7813 | Lair:3   | Reached skill level 10 in Armour
  7844 | Lair:3   | Reached skill level 10 in Shields
  8143 | Lair:3   | Reached skill level 10 in Axes
  8468 | Lair:3   | Noticed a death yak
  8495 | Lair:3   | Killed a death yak
  8495 | Lair:3   | Reached skill level 10 in Invocations
  8495 | Lair:3   | Reached XP level 12. HP: 74/112 MP: 12/12
  8986 | Lair:4   | Reached ***** piety under Makhleb
  9369 | Lair:4   | Found a staircase to the Shoals.
  9588 | Lair:4   | Found a hole to the Spider Nest.
  9808 | Lair:5   | Found a dark tunnel.
  9819 | Volcano  | Entered a volcano
  9931 | Volcano  | Noticed a stone giant
  9949 | Volcano  | Killed a stone giant
  9949 | Volcano  | Reached XP level 13. HP: 100/123 MP: 13/13
  9953 | Volcano  | Found a radiant altar of Vehumet.
 10014 | Volcano  | Found a burning altar of Makhleb.
 10325 | Lair:5   | Noticed Josephine
 10342 | Lair:5   | Reached skill level 10 in Fighting
 10355 | Lair:5   | Killed Josephine
 10355 | Lair:5   | Reached skill level 1 in Dodging
 10629 | Lair:5   | Found a runed translucent gate.
 10629 | Lair:5   | Found a runed translucent gate.
 10630 | Lair:5   | Found a runed translucent gate.
 10630 | Lair:5   | Noticed Zevvob's ghost (journeyman OpFi)
 10869 | Lair:6   | Entered Level 6 of the Lair of Beasts
 12035 | D:10     | Entered Level 10 of the Dungeon
 12064 | D:10     | Found a flagged portal.
 12085 | Bailey   | Entered a bailey
 12139 | Bailey   | Found an iron altar of Okawaru.
 12240 | Bailey   | Reached ****** piety under Makhleb
 13459 | D:11     | Found a staircase to the Orcish Mines.
 13476 | Orc:1    | Entered Level 1 of the Orcish Mines
 13567 | Orc:1    | Found a roughly hewn altar of Beogh.
 13781 | Orc:2    | Entered Level 2 of the Orcish Mines
 13790 | Orc:2    | Noticed a stone giant
 13805 | Orc:2    | Killed a stone giant
 13934 | Orc:2    | Slain by an orc warrior

Levels and vault maps discovered:
D:1:      dpeg_arrival_orchard, layout_basic, nemelex_xobeh_ov_fountains_minmay
D:2:      layout_basic, gammafunk_temple_overflow_arena, lemuel_blue_sif_altar,
          kennysheep_generic_room_5, uniq_jessica
D:3:      layout_basic, first_ration, minmay_misc_feat_encased
D:4:      layout_rooms, lemuel_crystal_altar, kennysheep_little_box,
          minmay_temple_entry_statues_pillars, minmay_misc_feat_tower,
          uniq_robin, uniq_sigmund, uniq_pikel
D:5:      lemuel_ice_spiral_2, layout_basic, bloody_trog, minmay_crystal_room,
          nicolae_ru_path_of_blood, uniq_blork_the_orc
D:6:      layout_basic, lemuel_crystal_altar
D:7:      layout_loops_ring, marbit_many_paths, nicolae_overflow_hidden_temple,
          lemuel_round_altar, gammafunk_ghost_split, serial_shops,
          nicolae_shop_competitors_out_of_business, cheibriados_altar_1
D:8:      layout_layer_cave, minmay_microvault
D:9:      layout_basic, lemuel_round_altar, david_lair_shrubbed,
          grunt_livestock, uniq_gastronok
D:10:     layout_stronghold, enter_bailey_6, dk_noncrumbling_3
D:11:     layout_loops_ring, david_orc_2
Temple:   nicolae_temple_figure_zero
Lair:1:   layout_gridlike, serial_bayou_shore_b, serial_bayou_shore_b
Lair:2:   layout_misc_corridors, grunt_megastairs_3, lemuel_fruit_tree
Lair:3:   layout_cave_shapes, minmay_shattered_shrine
Lair:4:   regret_index_harrowing_hell_hive, layout_loops_ring,
          minmay_shoals_entry_hut, nicolae_spider_entry_orb_guardian,
          fungi_pond_lemuel, nicolae_quartered_pool_little
Lair:5:   layout_cave_pods, nicolae_volcano_entry_hallway,
          gammafunk_ghost_hydra_chop, uniq_josephine
Lair:6:   wormcave, layout_regular_city, guppyfry_lair_end_dragon,
          nicolae_slime_entry_slimehenge, infiniplex_staircase_pool,
          minmay_lair_oklob_chamber
Orc:1:    layout_diamond_mine, minmay_shop_mayhem, kennysheep_orc_chapel
Orc:2:    st_orc_rangers, layout_caves, basic_altar

Skill      XL: |  1  2  3  4  5  6  7  8  9 10 11 12 13 |
---------------+----------------------------------------+-----
Fighting       | 3 4 5 7 8 9 10 | 10.7
Axes           | 3 4 5 6 8 9 10 11 12 | 12.2
Armour         | 4 5 6 7 8 9 10 11 | 11.6
Shields        | 4 5 6 7 8 9 10 11 12 | 12.4
Invocations    | 3 6 8 10 11 12 | 12.7
Dodging        | 4 |  4.7

Action                   |  1- 3 |  4- 6 |  7- 9 | 10-12 | 13-15 || total
-------------------------+-------+-------+-------+-------+-------++-------
Melee: War axe           |    88 |   236 |   429 |   744 |       ||  1497
       Broad axe         |       |       |       |   191 |   541 ||   732
Invok: Lesser Servant of |       |       |     1 |     7 |     1 ||     9
       Minor Destruction |       |       |       |    12 |       ||    12
       Greater Servant o |       |       |       |       |     3 ||     3
       Major Destruction |       |       |       |       |     1 ||     1
 Abil: Heal Wounds       |     2 |     6 |    13 |    12 |     5 ||    38
Evoke: Wand              |       |       |       |    18 |     8 ||    26
  Use: Scroll            |       |     1 |     7 |     7 |     2 ||    17
       Potion            |       |       |     1 |     2 |       ||     3
 Stab: Distracted        |       |       |     1 |     1 |       ||     2
  Eat: Chunk             |       |     5 |    10 |    17 |     1 ||    33
       Ration            |       |       |       |       |     4 ||     4
Armor: Scale mail        |    53 |   129 |   242 |    75 |       ||   499
       Plate armour      |       |       |       |   454 |     1 ||   455
       Chain mail        |       |       |       |       |   232 ||   232
Dodge: Dodged            |    28 |    63 |   127 |   343 |   144 ||   705
Block: Shield            |    54 |   143 |   257 |   771 |   543 ||  1768
       Reflection        |       |       |       |       |    36 ||    36
